 Dungeon Crawl Stone Soup version 0.29.0-13-gc9e81de378 (webtiles) character file.

Game seed: 1081275901213501807

40 SnakkuSnakku7 the Vexing (level 3, -2/35 HPs)
             Began as an Ogre Enchanter on Sept 8, 2022.
             Slain by an orc
             ... wielding a +0 club
              (4 damage)
             ... on level 3 of the Dungeon.
             The game lasted 00:02:27 (2567 turns).

SnakkuSnakku7 the Vexing (Ogre Enchanter)           Turns: 2567, Time: 00:02:27

Health: -2/35      AC:  3    Str: 12    XL:     3   Next: 50%
Magic:  0/6        EV: 10    Int: 16    God:
Gold:   81         SH:  0    Dex: 11    Spells: 6/6 levels left

rFire   . . .      SeeInvis .   l - +0 whip
rCold   . . .      Faith    .   (no shield)
rNeg    . . .      Spirit   +   b - +0 robe
rPois   .          Reflect  .   (helmet restricted)
rElec   .          Harm     .   (no cloak)
rCorr   .          Rampage  .   (gloves unavailable)
Will    .....                   (boots unavailable)
Stlth   ++........              j - amulet of guardian spirit
HPRegen 0.11/turn               (no ring)
MPRegen 0.10/turn               (no ring)

@: brilliant, invisible
A: large, unfitting armour, tough skin 1
a: no special abilities


You were on level 3 of the Dungeon.
You visited 1 branch of the dungeon, and saw 3 of its levels.

You collected 81 gold pieces.

Inventory:

Hand Weapons
 a - a +1 dagger
 d - a +0 sling
 l - a +0 whip (weapon)
Armour
 b - a +0 robe (worn)
Jewellery
 j - an amulet of guardian spirit (around neck)
 n - a ring of poison resistance
Scrolls
 f - 2 scrolls of teleportation {unknown}
 g - a scroll of noise {unknown}
 k - a scroll of blinking {unknown}
 o - 3 scrolls of identify {unknown}
 p - a scroll of amnesia {unknown}
 r - a scroll of summoning {unknown}
 s - a scroll of magic mapping {unknown}
Potions
 e - a potion of degeneration {unknown}
 h - a potion of brilliance
 i - 2 potions of heal wounds {unknown}
 m - 2 potions of haste {unknown}
 q - a potion of cancellation {unknown}
 t - a potion of might {unknown}


   Skills:
 - Level 2.0 Fighting
 - Level 0.8 Short Blades
 + Level 2.2 Maces & Flails
 - Level 1.7 Dodging
 - Level 2.1 Stealth
 - Level 2.4 Spellcasting
 - Level 2.6 Hexes


You had 6 spell levels left.
You didn't know any spells.
Your spell library contained the following spells:

 Spells                   Type           Power      Damage    Failure   Level
 Ensorcelled Hibernation  Hex/Ice        18%        N/A       17%         2
 Summon Small Mammal      Summ           8%         N/A       21%         1
 Confusing Touch          Hex            15%        N/A       21%         3
 Tukima's Dance           Hex            15%        N/A       21%         3
 Dazzling Flash           Conj/Hex       18%        N/A       34%         3
 Summon Guardian Golem    Hex/Summ       9%         N/A       34%         3
 Call Canine Familiar     Summ           2%         N/A       52%         3


Dungeon Overview and Level Annotations

Branches:
Dungeon (3/15)

Altars:
Ashenzari
Sif Muna


Innate Abilities, Weirdness & Mutations

You are too large for most types of armour.
You have tough skin. (AC +1)


Message History

You now have 81 gold pieces (gained 12).
The orc barely misses you.
You hit the orc.
The orc is heavily wounded.
The orc barely misses you.
You closely miss the orc.
The orc is heavily wounded.
The orc completely misses you.
You completely miss the orc.
The orc is heavily wounded.
The orc hits you but does no damage. The orc hits you with a +0 falchion.
The orc hits you with a +0 morningstar!
You hit the orc.
The orc is severely wounded.
The orc completely misses you. The orc barely misses you. x2
The orc misses you. The orc attacks as you move away!
The orc barely misses you. The orc attacks as you move away!
The orc hits you but does no damage.
You hit the orc but do no damage. The orc hits you with a +0 falchion.
You completely miss the orc.
The orc is severely wounded.
The orc hits you with a +0 club. The orc hits you but does no damage.
The orc hits you with a +0 morningstar. The orc attacks as you move away!
The orc hits you with a +0 morningstar.
* * * LOW HITPOINT WARNING * * *
The orc misses you. The orc attacks as you move away!
The orc hits you with a +0 club.
* * * LOW HITPOINT WARNING * * *
The orc attacks as you move away! The orc hits you with a +0 club.
* * * LOW HITPOINT WARNING * * *
You fade into invisibility!
The orc misses you.
It was a potion of brilliance.
You feel clever all of a sudden. The orc hits you with a +0 club.
* * * LOW HITPOINT WARNING * * *
You barely miss the orc. The orc hits you with a +0 club.
* * * LOW HITPOINT WARNING * * *
You closely miss the orc. The orc hits you with a +0 club.
You die...

....... .. #
......####.# .##
...........##..
...........#.##
..............#
...#.......#..#
...........#..#######
...........#.ooo@...+
####.###...#..#######
# #(# ###....##
####.# #.#...####..
...#.#####.#.........
..............##..#..
...........#..# #.#..
.#...#####.#..###....
.#...#####...........


You could see 3 orcs.

Vanquished Creatures
  2 worms (D:2)
  A dart slug (D:2)
  4 ball pythons
  3 endoplasms
  2 giant cockroaches
  2 hobgoblins (D:1)
  6 kobolds
  3 quokkas
  2 frilled lizards
  2 goblins (D:2)
  3 rats
30 creatures vanquished.

Notes
Turn   | Place    | Note
-------+----------+-------------------------------------------
     0 | D:1      | SnakkuSnakku7 the Ogre Enchanter began the quest for the
                  | Orb.
     0 | D:1      | Reached XP level 1. HP: 16/16 MP: 3/3
   132 | D:1      | Reached skill level 1 in Fighting
   910 | D:1      | Reached XP level 2. HP: 26/28 MP: 3/5
  1210 | D:2      | Reached skill level 1 in Maces & Flails
  1614 | D:2      | Reached XP level 3. HP: 25/35 MP: 6/6
  1700 | D:2      | Found a shimmering blue altar of Sif Muna.
  2330 | D:3      | Found a broken altar of Ashenzari.
  2462 | D:3      | Found a shimmering blue altar of Sif Muna.
  2567 | D:3      | Slain by an orc

Illustrated notes

Levels and vault maps discovered:
D:1:      scummos_arrival_simple_crosswalls, layout_loops_cross,
          serial_bayou_lagoon_b
D:2:      layout_basic, basic_altar
D:3:      layout_basic, overflow_temple_1_default, overflow_temple_1_default,
          mainiacjoe_overflow_boulevard, ebering_ecumenical_altar_petrified

Skill      XL: |  1  2  3 |
---------------+----------+-----
Fighting       | 2 |  2.0
Maces & Flails | 1 2 |  2.2
Short Blades   | |  0.8
Dodging        | |  1.7
Stealth        | |  2.1
Spellcasting   | |  2.4
Hexes          | |  2.6

Action                   || total
-------------------------++-------
Melee: Dagger            ||    47
       Whip              ||   137
       Punch             ||     2
  Use: Potion            ||     3
 Stab: Sleeping          ||     4
Armor: Robe              ||    39
Dodge: Dodged            ||    80
